 Dungeon Crawl Stone Soup version 0.31.0-11-ge490571c62 (webtiles) character file.

Game seed: 9399993934728981145

24 qw the Shooter (level 2, -4/16 HPs)
             Began as a Deep Elf Hunter on Feb 3, 2024.
             Frozen to death by an endoplasm (5 damage)
             ... on level 1 of the Dungeon.
             The game lasted 00:00:01 (275 turns).

qw the Shooter (Deep Elf Hunter)                     Turns: 275, Time: 00:00:01

Health: -4/16      AC:  3    Str:  8    XL:     2   Next: 79%
Magic:  4/4        EV: 12    Int: 13    God:
Gold:   37         SH:  0    Dex: 18    Spells: 1/1 levels left

rFire   . . .        d - +0 arbalest
rCold   . . .        (shield currently unavailable)
rNeg    . . .        c - +0 leather armour
rPois   .            (no helmet)
rElec   .            (no cloak)
rCorr   .            (no gloves)
SInv    .            (no boots)
Will    .....        (no amulet)
Stlth   ++           (no ring)
HPRegen 0.22/turn    (no ring)
MPRegen 0.09/turn

%: no passive effects
@: no status effects
A: no striking features
a: no special abilities


You were on level 1 of the Dungeon.
You visited 1 branch of the dungeon, and saw 1 of its levels.

You collected 37 gold pieces.


   Skills:
 - Level 1.5 Fighting
 + Level 6.5 Ranged Weapons
 - Level 2.4 Dodging
 - Level 1.2 Stealth


You had one spell level left.
You didn't know any spells.
Your spell library was empty.

Inventory:

Hand Weapons
 d - a +0 arbalest (weapon)
Armour
 c - a +0 leather armour (worn)
Scrolls
 a - a scroll of teleportation {unknown}
 b - a scroll of butterflies
 f - a scroll of torment {unknown}
Potions
 e - a potion of lignification {unknown}

Dungeon Overview and Level Annotations

Branches:
Dungeon (1/15)

Altars:


Message History

An endoplasm comes into view.
Found 13 gold pieces.
You shoot a bolt. The bolt hits the endoplasm.
The endoplasm is severely wounded.
The endoplasm closely misses you.
You shoot a bolt. The bolt hits the endoplasm!!
You kill the endoplasm!
Found a beast talisman.
A hobgoblin comes into view.
The hobgoblin shouts!
You shoot a bolt. The bolt hits the hobgoblin.
The hobgoblin is moderately wounded.
An endoplasm comes into view.
You shoot a bolt.
The bolt completely misses the hobgoblin.
The endoplasm quivers.
You shoot a bolt. The bolt barely misses the hobgoblin.
You shoot a bolt. The bolt closely misses the hobgoblin.
The hobgoblin closely misses you. The hobgoblin misses you.
You shoot a bolt.
The bolt completely misses the hobgoblin.
The hobgoblin hits you. The endoplasm hits you.
You shoot a bolt.
The bolt hits the hobgoblin but does no damage.
The hobgoblin is lightly wounded.
The hobgoblin hits you. The endoplasm freezes you.
You are frozen.
The hobgoblin hits you. The endoplasm freezes you.
You are frozen.
You shoot a bolt. The bolt hits the hobgoblin!
You kill the hobgoblin!
The endoplasm hits you.
You shoot a bolt. The bolt barely misses the endoplasm.
The endoplasm barely misses you. The endoplasm closely misses you.
You shoot a bolt. The bolt barely misses the endoplasm.
The endoplasm hits you. The endoplasm freezes you.
You are frozen.
You die...

####..# ## ...#..#
......... #....#
#........ ##.###
#....... #...#
####.....# ###.#
#.....$..# ####..#
#........#..
......#######...%J....#.
##.........##...@.......
##.........##...........
...........##....%......
...........##...........
....#.........###.......
....###+#.....# .......
...............# .......
...............# .|.....
.............. .....


You could see an endoplasm.

Vanquished Creatures
  2 bats (D:1)
  2 endoplasms (D:1)
  A giant cockroach (D:1)
  3 hobgoblins (D:1)
  2 jackals (D:1)
  A quokka (D:1)
  3 ball pythons (D:1)
  3 frilled lizards (D:1)
  A goblin (D:1)
  4 kobolds (D:1)
22 creatures vanquished.

Notes
Turn   | Place    | Note
-------+----------+-------------------------------------------
     0 | D:1      | qw the Deep Elf Hunter began the quest for the Orb.
     0 | D:1      | Reached XP level 1. HP: 12/12 MP: 3/3
     0 | D:1      | 0 ||| qw: Version: 0.3-a-155-g5e7d8dd
     0 | D:1      | 0 ||| qw: Game counter: 3137
     0 | D:1      | 0 ||| qw: Melee chars always use a shield: true
     0 | D:1      | 0 ||| qw: God list: Okawaru
     0 | D:1      | 0 ||| qw: Allow faded altars: false
     0 | D:1      | 0 ||| qw: Do Orc after clearing Dungeon:15 true
     0 | D:1      | 0 ||| qw: Do second Lair branch before Depths: true
     0 | D:1      | 0 ||| qw: Lair rune preference: random
     0 | D:1      | 0 ||| qw: Goals: Normal
     0 | D:1      | 0 ||| PLANNING D:1-11
    36 | D:1      | 36 ||| SWAPPING to +0 arbalest.
    38 | D:1      | 38 ||| DROPPING +0 shortbow.
    59 | D:1      | Reached XP level 2. HP: 11/16 MP: 4/4
    62 | D:1      | Reached skill level 6 in Ranged Weapons
   272 | D:1      | HP: 3/16 [frozen (3)]
   273 | D:1      | HP: 1/16 [endoplasm (2)]
   275 | D:1      | Frozen to death by an endoplasm

Levels and vault maps discovered:
D:1:      psy_arrival_radial01, layout_basic

Skill      XL: |  1  2 |
---------------+-------+-----
Ranged Weapons | 6 |  6.5
Fighting       | |  1.5
Dodging        | |  2.4
Stealth        | |  1.2

Action                     || total
---------------------------++-------
   Fire: Arbalest          ||    40
         Shortbow          ||     6
 Armour: Leather armour    ||    14
  Dodge: Dodged            ||    11

Table legend:
 A = Non-vault XP
 B = Vault XP
 C = Vault XP percentage of total XP
 D = Non-vault monster count
 E = Vault monster count
 F = Vault count percentage of total count
                 A         B        C        D         E       F
            +---------+---------+-------+---------+---------+-------
      Total |      35 |       0 |   0.0 |      22 |       0 |   0.0
            +---------+---------+-------+---------+---------+-------
        D:1 |      35 |       0 |   0.0 |      22 |       0 |   0.0
            +---------+---------+-------+---------+---------+-------
